 Dungeon Sprint DCSS version 0.30.1-11-g7821555f0a (webtiles) character file.

Game seed: 11753174903822632829

254 Groucho the Thaumaturge (level 5, -1/28 HPs)
             Began as a Deep Elf Earth Elementalist on Dec 17, 2023.
             Was an Elder of Sif Muna.
             Killed from afar by a smoke demon (15 damage)
             ... with a ball of steam
             ... in the Dungeon (Sprint VII: "The Pits").
             The game lasted 00:04:13 (1172 turns).

Groucho the Thaumaturge (DEEE)                      Turns: 1172, Time: 00:04:13

Health: -1/28      AC:  2    Str:  5    XL:     5   Next: 91%
Magic:  8/19       EV: 12    Int: 22    God:    Sif Muna [****..]
Gold:   0          SH:  0    Dex: 15    Spells: 19/23 levels left

rFire   . . .        o - +1 long sword (flame)
rCold   . . .        (no shield)
rNeg    . . .        a - +0 robe
rPois   .            (no helmet)
rElec   .            (no cloak)
rCorr   .            (no gloves)
SInv    .            (no boots)
Will    .....        (no amulet)
Stlth   ++           (no ring)
HPRegen 0.24/turn    (no ring)
MPRegen 0.16/turn

%: no teleportation
@: no status effects
A: no striking features
a: Renounce Religion, Channel Magic, Forget Spell, Divine Exegesis


You were in the Dungeon.
You worshipped Sif Muna.
Sif Muna was greatly pleased with you.
You visited 1 branch

Inventory:

Hand Weapons
 n - a +2 dagger of electrocution
 o - a +1 long sword of flaming (weapon)
Armour
 a - a +0 robe (worn)
Scrolls
 k - 5 scrolls of amnesia
 l - a scroll of butterflies
 m - 2 scrolls of vulnerability
Potions
 b - 5 potions of magic
 c - 6 potions of curing
 d - 4 potions of heal wounds
 e - a potion of haste
 f - 3 potions of berserk rage
 j - 2 potions of invisibility


   Skills:
 - Level 2.4 Dodging
 - Level 2.4 Stealth
 + Level 9.8 Spellcasting
 + Level 2.6 Conjurations
 - Level 1.1 Transmutations
 + Level 8.4 Earth Magic
 - Level 7.0 Invocations


You had 19 spell levels left.
You knew the following spells:

 Your Spells              Type           Power      Damage    Failure   Level
a - Sandblast             Erth           94%        2d19      1%          1
b - Stone Arrow           Conj/Erth      70%        3d11      1%          3

Your spell library contained the following spells:

 Spells                   Type           Power      Damage    Failure   Level
 Passwall                 Tmut/Erth      25%        N/A       1%          2
 Petrify                  Tmut/Erth      31%        N/A       9%          4


Dungeon Overview and Level Annotations

Branches:
Dungeon (1/1)

Altars:
Ashenzari
Cheibriados
Dithmenos
Elyvilon
Fedhas
Gozag
Hepliaklqana
Kikubaaqudgha
Makhleb
Nemelex Xobeh
Okawaru
Qazlal
Ru
Sif Muna
Trog
Uskayaw
Vehumet
Wu Jian
Xom
Yredelemnul
Zin
The Shining One
Jiyva
Lugonu


Message History

The blast of sand hits the crimson imp!!
You kill the crimson imp!
Sif Muna accepts your kill.
Your Conjurations skill increases to level 2!
Unknown command.
There is an open door here.
You open the door.
A smoke demon comes into view.
The smoke demon roars!
Casting: Sandblast (safe; 1% risk of failure)
Confirm with . or Enter, or press ? or * to list all spells.
Aiming: Stone Arrow (safe; 1% risk of failure)
Press: ? - help, Shift-Dir - straight line, f - smoke demon
Aim: a smoke demon (77% to hit)
The stone arrow hits the smoke demon!!
The smoke demon is heavily wounded.
The smoke demon closely misses you. The smoke demon hits you. x2
Unknown command.
Unknown command.
Casting: Stone Arrow (safe; 1% risk of failure)
Confirm with . or Enter, or press ? or * to list all spells.
Aiming: Stone Arrow (safe; 1% risk of failure)
Press: ? - help, Shift-Dir - straight line, f/p - smoke demon
Aim: a smoke demon (heavily wounded, 77% to hit)
The stone arrow hits the smoke demon!
The smoke demon is severely wounded.
The smoke demon hits you! The smoke demon closely misses you.
The smoke demon hits you.
Unknown command.
Casting: Stone Arrow (safe; 1% risk of failure)
Confirm with . or Enter, or press ? or * to list all spells.
Aiming: Stone Arrow (safe; 1% risk of failure)
Press: ? - help, Shift-Dir - straight line, f/p - smoke demon
Aim: a smoke demon (severely wounded, 77% to hit)
The stone arrow hits the smoke demon!
The smoke demon is almost dead.
The smoke demon gestures at you. The ball of steam hits you!
Ouch! That really hurt!
You die...

#.#....รท...##.......#
#'###########.......#
#.......# #########
#...#...# #...#...#
#.##.##.#+#
#...#...#.+
#...#...#3#
#.......@.#
###########


You could see a smoke demon.

Vanquished Creatures
  A warg (D)
  3 crimson imps (D)
  2 gnolls (D)
  An ufetubus (D)
  3 orcs (D)
  A giant cockroach (D)
  2 hobgoblins (D)
  A kobold (D)
  A ball python skeleton (D)
  A ball python zombie (D)
  A quokka skeleton (D)
17 creatures vanquished.

Notes
Turn   | Place    | Note
-------+----------+-------------------------------------------
     0 | D        | Groucho the Deep Elf Earth Elementalist began the quest for
                  | the Orb.
     0 | D        | Reached XP level 1. HP: 10/10 MP: 6/6
    43 | D        | Found a bloodstained altar of Trog.
    43 | D        | Found a shimmering blue altar of Sif Muna.
    43 | D        | Found a viscous altar of Jiyva.
    43 | D        | Found a hazy altar of Hepliaklqana.
    43 | D        | Found an opulent altar of Gozag.
    44 | D        | Found a glowing golden altar of the Shining One.
    44 | D        | Found a glowing silver altar of Zin.
    44 | D        | Found a basalt altar of Yredelemnul.
    44 | D        | Found a shimmering altar of Xom.
    44 | D        | Found an ornate altar of the Wu Jian Council.
    44 | D        | Found a sacrificial altar of Ru.
    44 | D        | Found a stormy altar of Qazlal.
    44 | D        | Found an iron altar of Okawaru.
    44 | D        | Found a sparkling altar of Nemelex Xobeh.
    44 | D        | Found a burning altar of Makhleb.
    44 | D        | Found a blossoming altar of Fedhas.
    44 | D        | Found a white marble altar of Elyvilon.
    44 | D        | Found a shadowy altar of Dithmenos.
    44 | D        | Found a snail-covered altar of Cheibriados.
    46 | D        | Found a radiant altar of Vehumet.
    46 | D        | Found a corrupted altar of Lugonu.
    47 | D        | Found a hide-covered altar of Uskayaw.
    47 | D        | Found an ancient bone altar of Kikubaaqudgha.
    47 | D        | Found a broken altar of Ashenzari.
    49 | D        | Became a worshipper of Sif Muna the Loreminder
    60 | D        | Reached skill level 1 in Invocations
    62 | D        | Reached skill level 4 in Spellcasting
    62 | D        | Reached XP level 2. HP: 9/15 MP: 3/9
   397 | D        | Reached * piety under Sif Muna
   411 | D        | Reached skill level 5 in Spellcasting
   648 | D        | Reached ** piety under Sif Muna
   663 | D        | Reached skill level 5 in Earth Magic
   914 | D        | Noticed a crimson imp
   915 | D        | Noticed a warg
   931 | D        | Reached XP level 3. HP: 19/19 MP: 10/12
   965 | D        | Killed a warg
   965 | D        | Reached *** piety under Sif Muna
   966 | D        | Reached skill level 8 in Spellcasting
   966 | D        | Reached XP level 4. HP: 19/24 MP: 12/16
   966 | D        | Reached XP level 5. HP: 22/28 MP: 12/17
   974 | D        | Reached skill level 9 in Spellcasting
   978 | D        | Learned a level 3 spell: Stone Arrow
  1158 | D        | Reached **** piety under Sif Muna
  1159 | D        | Reached skill level 1 in Conjurations
  1169 | D        | Noticed a smoke demon
  1172 | D        | Killed from afar by a smoke demon

Illustrated notes

Levels and vault maps discovered:
D:        pitsprint [storerooms_1, entrance_room_1, metal_vault_1, armoury_1,
          mini_pit_1, grid_room_1, main_hall_1, silver_pit, the_coven_1,
          the_vestibule_1, steel_vault_4, golden_pit, hallway_of_sentries,
          crystal_vault_1, iron_vault_4, final_vault]

Skill      XL: |  1  2  3  4  5 |
---------------+----------------+-----
Invocations    | 1 3 6 7 |  7.0
Spellcasting   | 4 5 8 9 |  9.8
Earth Magic    | 4 5 7 8 |  8.4
Conjurations   | 2 |  2.6
Dodging        | |  2.4
Stealth        | |  2.4
Transmutations | |  1.1

Action                     |  1- 3 |  4- 6 || total
---------------------------+-------+-------++-------
   Cast: Sandblast         |    18 |    11 ||    29
         Stone Arrow       |       |     3 ||     3
    Use: Potion            |     2 |       ||     2
         Scroll            |     1 |       ||     1
 Armour: Robe              |     1 |       ||     1
  Dodge: Dodged            |     4 |     4 ||     8
